 Dungeon Crawl Stone Soup version 0.27.0-1-g7a089689b8 (webtiles) character file.

Game seed: 2027463797196586722

3747 Leibowitz the Covert (level 10, -1/76 (81) HPs)
             Began as a Naga Enchanter on Aug 7, 2021.
             Slain by a steam dragon (4 damage)
             ... on level 7 of the Dungeon.
             The game lasted 00:28:33 (9512 turns).

Leibowitz the Covert (Naga Enchanter)               Turns: 9512, Time: 00:28:35

HP:   -1/76 (81)    AC:  9    Str: 10    XL:     10   Next: 15%
MP:   11/17         EV:  9    Int: 20    God:
Gold: 1257          SH:  0    Dex: 14    Spells: 13/19 levels left

rFire    . . .     SeeInvis +   a - +2 dagger (protect)
rCold    + + .     Faith    .   (no shield)
rNeg     . . .     Spirit   .   q - +1 ring mail "Hapal" {Rampage rC+ Dex+3}
rPois    +         Reflect  .   (no helmet)
rElec    .         Harm     .   h - +0 cloak
rCorr    .         Rampage  +   e - +0 pair of gloves
Will     +....                  (no barding)
Stlth    +++++.....             (no amulet)
HPRegen  0.22/turn              r - ring of protection from cold
MPRegen  0.15/turn              (no ring)

@: very slightly contaminated, drained, very slow
A: AC +3, large, see invisible, deformed body, poison resistance, slowness 2,
spit poison 1, naga tail 1
a: Spit Poison


You were on level 7 of the Dungeon.
You visited 2 branches of the dungeon, and saw 9 of its levels.

You collected 1257 gold pieces.

Inventory:

Hand Weapons
 a - a +2 dagger of protection (weapon)
Missiles
 d - a curare-tipped dart
Armour
 b - a +0 robe
 e - a +0 pair of gloves (worn)
 h - a +0 cloak (worn)
 q - the +1 ring mail "Hapal" (worn) {Rampage rC+ Dex+3}
   (You found it on level 5 of the Dungeon)

   Dex:       It affects your dexterity (+3).
   rC:        It protects you from cold.
   Rampage:   It bestows one free step when moving towards enemies.
Magical Staves
 o - a staff of earth
Jewellery
 r - a ring of protection from cold (left hand)
Wands
 f - a wand of flame (24)
 k - a wand of acid (11)
Scrolls
 c - 2 scrolls of identify
 m - a scroll of fear {unknown}
 s - a scroll of enchant armour {unknown}
 t - a scroll of magic mapping {unknown}
 u - a scroll of vulnerability {unknown}
Potions
 g - 4 potions of brilliance
 i - 4 potions of curing
 j - a potion of cancellation
 l - a potion of lignification


   Skills:
 + Level 2.7 Fighting
 + Level 5.2 Short Blades
 + Level 2.8 Armour
 + Level 2.9 Dodging
 * Level 13.9 Stealth
 + Level 5.1 Spellcasting
 + Level 5.6 Hexes
 + Level 3.2 Ice Magic


You had 13 spell levels left.
You knew the following spells:

 Your Spells              Type           Power      Damage    Failure   Level
a - Corona                Hex            30%        N/A       2%          1
b - Ensorcelled Hibernat  Hex/Ice        44%        N/A       7%          2
c - Confusing Touch       Hex            27%        N/A       9%          3

Your spell library contained the following spells:

 Spells                   Type           Power      Damage    Failure   Level
 Tukima's Dance           Hex            27%        N/A       9%          3
 Dazzling Flash           Conj/Hex       32%        N/A       26%         3
 Stone Arrow              Conj/Erth      10%        3d7       63%         3
 Bolt of Magma            Conj/Fire/Erth 2%         4d4       100%        5
 Shatter                  Erth           2%         3d6*      100%        9


Dungeon Overview and Level Annotations

Branches:
Dungeon (8/15)             Temple (1/1) D:5
   Lair: D:8-11

Altars:
Ashenzari
Cheibriados
Elyvilon
Fedhas
Gozag
Hepliaklqana
Kikubaaqudgha
Nemelex Xobeh
Qazlal
Ru
Trog
Uskayaw
Vehumet
Wu Jian
Xom
Yredelemnul
Zin
The Shining One

Shops:
D:7 [


Innate Abilities, Weirdness & Mutations

Your serpentine skin is tough. (AC +3)
You have supernaturally acute eyesight. (SInv)
Armour fits poorly on your strangely shaped body.
Your system is resistant to poisons. (rPois)
You cover ground very slowly.
You can spit poison.
You have a snake-like lower body.


Message History

The orc priest calls down the wrath of Beogh upon you.
Beogh smites you! The orc wizard casts a spell at you.
The puff of flame hits you but does no damage.
The steam dragon breathes steam at you. The ball of steam hits you!!
* * * LOW HITPOINT WARNING * * *
You feel better.
You are engulfed in a cloud of scalding steam.
The steam dragon bites you but does no damage.
The steam dragon closely misses you.
Casting: Confusing Touch (dangerous; 9% risk of failure)
Confirm with . or Enter, or press ? or * to list all spells.
Aiming: Ensorcelled Hibernation (safe; 7% risk of failure)
Press: ? - help, Shift-Dir - straight line, f/p - steam dragon
Aim: a steam dragon (moderately wounded, poisoned, chance to affect: 51%)
The steam dragon resists with some effort.
The steam dragon breathes steam at you. The ball of steam misses you.
Unknown command.
Casting: Ensorcelled Hibernation (safe; 7% risk of failure)
Confirm with . or Enter, or press ? or * to list all spells.
Aiming: Ensorcelled Hibernation (safe; 7% risk of failure)
Press: ? - help, Shift-Dir - straight line, f/p - steam dragon
Aim: a steam dragon (moderately wounded, poisoned, catching its breath, chance to affect: 51%)
The steam dragon resists with some effort.
You are engulfed in a cloud of scalding steam.
* * * LOW HITPOINT WARNING * * *
The steam dragon looks more healthy.
The steam dragon bites you.
* * * LOW HITPOINT WARNING * * *
The steam dragon barely misses you.
Casting: Ensorcelled Hibernation (safe; 7% risk of failure)
Confirm with . or Enter, or press ? or * to list all spells.
Aiming: Ensorcelled Hibernation (safe; 7% risk of failure)
Press: ? - help, Shift-Dir - straight line, f/p - steam dragon
Aim: a steam dragon (steam, moderately wounded, catching its breath, chance to affect: 51%)
You miscast Ensorcelled Hibernation.
You are very lightly contaminated with residual magic.
Nothing appears to happen.
The steam dragon bites you.
You die...

#.#
#.#.#.#>.###............#
#.#
#......).###.#####......#
#.#
###.#.#..##....#....#...#
#.#
##...#.##.........##...
#.#
##>...##.##....#####..
#.#
####ยงยง.........###...
#.# ###.#####.##.#.#.#
#.##############o#
#.###..#.#
#.............@D.#
#......#.#
###############..#
########.# #..# #.. ####
###


You could see a steam dragon (catching breath) and an orc priest.

Vanquished Creatures
  Pikel (D:4)
  Maggie (D:7)
  A vampire (D:5)
  Edmund (D:6)
  A water moccasin (D:6)
  Duvessa (D:4)
  3 ice beasts
  A hornet zombie (D:6)
  3 black bears
  2 ogres
  A necrophage (D:5)
  A centaur (D:6)
  A lemure (D:4)
  A phantom (D:5)
  A kobold brigand (D:7)
  3 bullfrogs (D:7)
  2 scorpions (D:5)
  A water moccasin zombie (D:5)
  Dowan (D:4)
  A water moccasin skeleton (D:5)
  5 wights (D:7)
  A gnoll shaman (D:6)
  2 centaur skeletons (D:7)
  3 hounds
  2 jellies
  An orc priest (D:6)
  Crazy Yiuf (D:2)
  A bullfrog skeleton (D:5)
  2 iguanas (D:6)
  Terence (D:2)
  7 orc wizards
  3 gnolls (D:6)
  4 adders
  A white imp (D:6)
  2 ufetubi (D:6)
  2 worms
  3 dart slugs
  18 orcs
  6 endoplasms
  A giant cockroach (D:3)
  6 goblins
  5 hobgoblins
  10 jackals
  11 kobolds
  3 quokkas
  3 ball pythons
  4 bats
  A frilled lizard (D:2)
  6 rats
143 creatures vanquished.

Vanquished Creatures (others)
  An orc wizard (D:7)
1 creature vanquished.

Grand Total: 144 creatures vanquished

Notes
Turn   | Place    | Note
-------+----------+-------------------------------------------
     0 | D:1      | Leibowitz the Naga Enchanter began the quest for the Orb.
     0 | D:1      | Reached XP level 1. HP: 15/15 MP: 3/3
   250 | D:1      | Reached XP level 2. HP: 22/22 MP: 5/5
   253 | D:1      | Learned a level 2 spell: Ensorcelled Hibernation
  1524 | D:2      | Reached skill level 5 in Stealth
  1524 | D:2      | Reached XP level 3. HP: 28/28 MP: 6/6
  1600 | D:2      | Found a runed translucent door.
  1601 | D:2      | Noticed Crazy Yiuf
  2427 | D:2      | Noticed Terence
  2435 | D:2      | Killed Terence
  2436 | D:2      | Reached XP level 4. HP: 4/36 MP: 0/7
  2805 | D:2      | Killed Crazy Yiuf
  2806 | D:2      | Reached skill level 1 in Ice Magic
  2958 | D:3      | Reached XP level 5. HP: 33/42 MP: 8/8
  2968 | D:3      | Learned a level 3 spell: Confusing Touch
  3095 | D:3      | Reached skill level 6 in Stealth
  3925 | D:3      | Found a faded altar of an unknown god.
  3975 | D:4      | Noticed a black bear
  4011 | D:4      | Killed a black bear
  4012 | D:4      | Reached XP level 6. HP: 47/50 MP: 5/10
  4141 | D:4      | Noticed a black bear
  4155 | D:4      | Killed a black bear
  4156 | D:4      | Reached skill level 7 in Stealth
  4328 | D:4      | Noticed Dowan
  4351 | D:5      | Entered Level 5 of the Dungeon
  4382 | D:5      | Reached skill level 1 in Fighting
  4452 | D:5      | Reached XP level 7. HP: 52/57 MP: 4/12
  4713 | D:5      | Reached skill level 8 in Stealth
  4868 | D:5      | Found a staircase to the Ecumenical Temple.
  4878 | Temple   | Entered the Ecumenical Temple
  5280 | D:5      | Identified the +1 ring mail "Hapal" {Rampage rC+ Dex+3}
  5675 | D:6      | Reached XP level 8. HP: 64/64 MP: 13/13
  5681 | D:6      | Reached skill level 9 in Stealth
  6413 | D:6      | Reached skill level 1 in Armour
  6480 | D:6      | Noticed Edmund
  6486 | D:6      | Reached skill level 10 in Stealth
  6487 | D:6      | Killed Edmund
  6773 | D:6      | Reached skill level 11 in Stealth
  6874 | D:6      | Reached XP level 9. HP: 45/73 MP: 8/15
  7311 | D:7      | Noticed Maggie
  7318 | D:7      | Killed Maggie
  7430 | D:7      | Found an ornate altar of the Wu Jian Council.
  7482 | D:5      | Reached skill level 12 in Stealth
  7482 | D:5      | Reached skill level 5 in Hexes
  7541 | D:4      | Noticed Pikel
  7553 | D:4      | Killed Pikel
  7723 | D:4      | Found a white marble altar of Elyvilon.
  7782 | D:4      | Noticed Duvessa
  7783 | D:4      | Killed Dowan
  7800 | D:4      | Killed Duvessa
  7801 | D:4      | Reached skill level 5 in Short Blades
  8309 | D:4      | Identified a scroll of acquirement
  8309 | D:4      | Acquired 953 gold pieces
  8457 | D:7      | Found Ituolog's Armour Shop.
  8460 | D:7      | Reached skill level 13 in Stealth
  8737 | D:7      | Reached XP level 10. HP: 75/81 MP: 12/17
  9029 | D:7      | Reached skill level 5 in Spellcasting
  9506 | D:7      | HP: 3/76 [steam dragon/ball of steam (26)]
  9512 | D:7      | Slain by a steam dragon

Illustrated notes

Levels and vault maps discovered:
D:1:      psy_arrival_radial02, layout_basic
D:2:      layout_rooms, uniq_terence, uniq_crazy_yiuf_cottage
D:3:      layout_loops_ring, dilly_ecumenical_altar_fadedgnrine,
          nrook_loot_triangle, hangedman_decor_riveting,
          chequers_decorated_corner
D:4:      layout_cave_pools, general_overflow_altar, uniq_duvessa, uniq_pikel
D:5:      layout_loops_ring, minmay_temple_entry_mist, grunt_ministairs_7
D:6:      layout_basic, uniq_edmund
D:7:      layout_loops_ring, nicolae_wu_jian_wuxing_cycle, serial_shops,
          nicolae_lakefront_shop, amcnicky_mini_corridor_feature,
          minmay_misc_feat_room, hangedman_decor_lopped, uniq_maggie
D:8:      layout_rooms, okawaru_humans
Temple:   regret_index_temple_sphere_string

Skill      XL: |  1  2  3  4  5  6  7  8  9 10 |
---------------+-------------------------------+-----
Stealth        | 5 6 7 8 11 13 | 13.9
Ice Magic      | 1 2 3 |  3.2
Short Blades   | 2 3 4 5 |  5.2
Dodging        | 2 |  2.9
Spellcasting   | 3 4 5 |  5.1
Hexes          | 4 5 |  5.6
Fighting       | 1 2 |  2.7
Armour         | 1 2 |  2.8

Action                   |  1- 3 |  4- 6 |  7- 9 | 10-12 || total
-------------------------+-------+-------+-------+-------++-------
Melee: Dagger            |    93 |    95 |   279 |    91 ||   558
 Cast: Corona            |     5 |       |       |       ||     5
       Ensorcelled Hiber |    28 |    22 |    28 |     3 ||    81
       Confusing Touch   |       |     5 |    11 |     7 ||    23
 Abil: Spit Poison       |     3 |     1 |     7 |     2 ||    13
  Use: Scroll            |       |       |     9 |     1 ||    10
       Potion            |       |       |       |     1 ||     1
 Stab: Sleeping          |    20 |    20 |    32 |     6 ||    78
       Confused          |       |     1 |    16 |     6 ||    23
       Distracted        |       |       |     1 |       ||     1
Armor: Robe              |    24 |    32 |     9 |       ||    65
       Ring mail         |       |       |   131 |    46 ||   177
Dodge: Dodged            |    62 |    43 |    68 |    33 ||   206
